AoeStats
← Cuchodark_79

Arabia

510033843Analyzed
1v1 RM · 2d ago on Sep 29, 2026· 35m 44s· 2 players
Game mode
Random Map
Map size
Tiny (2 player)
Population
200
Speed
Normal
Resources
Standard
Victory
Conquest
Starting age
Dark Age
Ending age
Imperial Age
RankedLock teamsTeams togetherTeam positionsShared explorationLock speedFull tech treeHidden civsTurbo modeCheats
Victory
Defeat
🇭🇰 Franks · Hong Kong SAR China
1094
+16
🇨🇱 Muisca · Chile
1100
-16
Ragequitter5000
6:31 Loom
9:21 Feudal Age
9:54 Double-Bit Axe
16:12 Wheelbarrow
22:36 Castle Age
23:01 Fletching
23:33 Bow Saw
22:49 Light Cavalry
24:39 Bodkin Arrow
28:12 Scale Barding Armor
29:15 Town Watch
30:09 Husbandry
32:53 Town Watch
34:49 Chain Barding Armor
Cuchodark_79
6:57 Loom
9:55 Feudal Age
10:34 Double-Bit Axe
12:08 Wheelbarrow
25:02 Castle Age
24:56 Scale Mail Armor
25:17 Forging
25:27 Crossbowman
Connection lost

Rejoining the realm…

Still unreachable

The connection could not be restored.

Session expired

The server has moved on; the page needs a fresh start.